 Dungeon Crawl Stone Soup version 0.31.0-9-g3a7656b989 (webtiles) character file.

Game seed: 3947941847310196713

14180 Conn the Destroyer (level 12, -20/133 HPs)
             Began as an Octopode Fire Elementalist on Feb 4, 2024.
             Was an Elder of Sif Muna.
             Demolished by a phantasmal warrior (23 damage)
             ... led by a death knight
             ... on level 12 of the Dungeon on Feb 5, 2024.
             The game lasted 00:31:49 (15741 turns).

Conn the Destroyer (Octopode Fire Elementalist)    Turns: 15741, Time: 00:31:49

Health: -20/133    AC: 26    Str:  8    XL:     12   Next: 13%
Magic:  12/24      EV:  2    Int: 22    God:    Sif Muna [****..]
Gold:   706        SH:  0    Dex: 10    Spells: 9/27 levels left

rFire   . . .        s - +4 mace (protect)
rCold   . . .        (no shield)
rNeg    . . .        y - melded +0 hat
rPois   +            n - amulet of faith
rElec   .            o - ring of resist corrosion
rCorr   +            (no ring)
SInv    .            (no ring)
Will    .....        (no ring)
Stlth   +++          (no ring)
HPRegen 0.42/turn    (no ring)
MPRegen 0.19/turn    (no ring)
                     (no ring)

%: faith
@: tree-form, weak-willed, slowed, very slow
A: stationary, stasis, torment immunity, boosted hp, almost no armour,
(amphibious), 8 rings, (camouflage 1), (gelatinous body 1), (nimble swimmer 1),
(tentacles), clumsy 1, robust 1
a: Renounce Religion, Channel Magic, Forget Spell, Divine Exegesis


You were on level 12 of the Dungeon.
You worshipped Sif Muna.
Sif Muna was greatly pleased with you.
You were a tree.
You visited 2 branches of the dungeon, and saw 13 of its levels.

You collected 706 gold pieces.

Inventory:

Hand Weapons
 c - a +0 short sword
 d - a +2 vampiric whip
 i - a +4 battleaxe
 r - the +6 falchion of Trial by Ordeal {flame, rN+}
   (You found it on level 3 of the Dungeon)

   rN+:       It protects you from negative energy.
 s - a +4 mace of protection (weapon)
Missiles
 b - 39 poisoned darts (quivered)
Armour
 y - a +0 hat (melded)
Magical Staves
 f - a staff of cold
Jewellery
 m - a ring of ice
 n - an amulet of faith (around neck)
 o - a ring of resist corrosion (left branch)
 D - an amulet of the acrobat
Wands
 t - a wand of digging (3)
 u - a wand of charming (3)
 w - a wand of light (12)
 x - a wand of iceblast (16)
 B - a wand of mindburst (10)
Scrolls
 e - 2 scrolls of brand weapon
 g - 2 scrolls of vulnerability
 j - a scroll of noise
 l - 2 scrolls of amnesia
 p - 2 scrolls of teleportation
Potions
 a - a potion of magic
 h - 3 potions of mutation
 k - 6 potions of enlightenment
 v - a potion of attraction
 z - 2 potions of curing
 A - 3 potions of brilliance
 C - a potion of ambrosia
 E - a potion of heal wounds {unknown}


   Skills:
 + Level 7.3 Fighting
 - Level 0.7 Long Blades
 - Level 5.2 Maces & Flails
 + Level 6.7 Dodging
 - Level 5.0 Stealth
 * Level 8.1 Spellcasting
 * Level 8.6 Conjurations
 - Level 3.0 Hexes
 + Level 7.0 Fire Magic
 * Level 7.2 Invocations


You had 9 spell levels left.
You knew the following spells:

 Your Spells              Type           Power      Damage    Failure   Level
a - Foxfire               Conj/Fire      100%       2x1d9     1%          1
b - Scorch                Fire           80%        2d8       1%          2
c - Inner Flame           Hex/Fire       31%        N/A       2%          3
d - Flame Wave            Conj/Fire      43%        2d11      3%          4
e - Sticky Flame          Fire/Alch      24%        2d6       17%         4
f - Blink                 Tloc           16%        N/A       11%         2
g - Call Imp              Summ           16%        N/A       11%         2

Your spell library contained the following spells:

 Spells                   Type           Power      Damage    Failure   Level
 Magic Dart               Conj           100%       1d8       1%          1
 Volatile Blastmotes      Fire/Tloc      48%        2d14      5%          3


Dungeon Overview and Level Annotations

Branches:
Dungeon (12/15)            Temple (1/1) D:7            Lair (0/5) D:10
    Orc (0/2) D:10

Altars:
Ashenzari
Cheibriados
Dithmenos
Elyvilon
Fedhas
Gozag
Hepliaklqana
Kikubaaqudgha
Makhleb
Nemelex Xobeh
Okawaru
Qazlal
Ru
Sif Muna
Trog
Uskayaw
Vehumet
Wu Jian
Xom
Yredelemnul
Zin
The Shining One


Innate Abilities, Weirdness & Mutations

You are a tree.
Your roots penetrate the ground, keeping you stationary.
You cannot be teleported.
You are immune to unholy pain and torment.
Your maximum health is greatly increased.
You cannot wear most types of armour.
((You are amphibious.))
You can wear up to eight rings at the same time.
((Your skin changes colour to match your surroundings (Stealth+).))
((Your rubbery body absorbs attacks. (AC +1, EV +1)))
((You are camouflaged when in or above water. (Stealth+)))
((You have tentacles for arms and can constrict up to eight enemies at once.))
You are clumsy. (Dex -2)
You are robust. (+10% HP)


Message History

Okay, then.
Unknown command.
Unknown command.
You turn into a tree.
Your +0 hat melds into your body.
Your roots penetrate the ground.
The phantasmal warrior hits you but does no damage.
Okay, then.
Aiming: Charm
Press: ? - help, Shift-Dir - straight line, f - wraith
Aim: a wraith (severely damaged, inner flame, chance to affect: 17%)
Okay, then.
Unknown command.
Unknown command.
Aiming: Bolt of Light
Press: ? - help, Shift-Dir - straight line, f - phantasmal warrior
Aim: a phantasmal warrior (71% to hit)
The bolt of light hits the phantasmal warrior.
The phantasmal warrior is lightly damaged.
The bolt of light hits the wraith.
Flame seeps out of the wraith.
The wraith is severely damaged.
The phantasmal warrior hits you!
* * * LOW HITPOINT WARNING * * *
The wraith is engulfed in blazing flames.
Flame seeps out of the wraith.
The phantasmal warrior hits you but does no damage.
Aiming: Iceblast
Press: ? - help, Shift-Dir - straight line, f - wraith, p - phantasmal warrior
Aim: a wraith (flame, almost destroyed, inner flame)
The mass of ice explodes!
The iceblast engulfs the wraith.
The wraith partially resists.
Sif Muna accepts your kill.
The iceblast engulfs the phantasmal warrior.
The phantasmal warrior partially resists.
The phantasmal warrior is lightly damaged.
The wraith explodes!
The fiery explosion engulfs the phantasmal warrior!!
The phantasmal warrior is moderately damaged.
The phantasmal warrior is engulfed in blazing flames.
The phantasmal warrior hits you!!
You die...

################ ....
................ ....
................ # #..#
#####..######.. #.. #..# #..#
#.. #.. #..# #..# #..
#..######..#########..# #..
#..........§WW........######..
#.........§°.♣................
#.........§#########..........
###..........# #..######..
.............# #..# #..
.............#########..# #..
###.....................# #..
#.....................# #..
#.....................######..
#.......................(.[...


You could see 2 phantasmal warriors.

Vanquished Creatures
  2 two-headed ogres (D:9)
  A boulder beetle (D:11)
  An orc knight (D:12)
  Maurice (D:11)
  2 cyclopes
  A gargoyle (D:10)
  A komodo dragon (D:11)
  A kobold demonologist (D:11)
  A freezing wraith (D:12)
  2 trolls
  A hornet (D:8)
  A shadow (D:10)
  A wraith (D:12)
  Eustachio (D:4)
  15 yaks
  3 steam dragons
  14 vampire mosquitoes (D:12)
  2 acid dragons
  A water moccasin (D:9)
  An ice beast (D:7)
  11 orc warriors
  2 black bears (D:6)
  An ogre (D:6)
  7 centaurs
  A phantom (D:7)
  4 kobold brigands
  A bullfrog (D:7)
  2 scorpions
  8 wights
  6 killer bees
  A howler monkey (D:9)
  2 jellies (D:5)
  A bombardier beetle (D:4)
  2 hounds (D:5)
  8 orc priests
  A sleepcap (D:8)
  An iguana (D:5)
  Natasha (D:4)
  15 orc wizards
  Robin (D:4)
  4 gnolls (D:6)
  6 adders
  A shadow imp (D:7)
  3 white imps
  A dart slug (D:4)
  A ribbon worm (D:5)
  63 orcs
  2 endoplasms
  4 giant cockroaches
  10 goblins
  12 hobgoblins
  4 quokkas
  5 ball pythons
  8 bats
  3 frilled lizards
  19 kobolds
  2 rats
277 creatures vanquished.

Vanquished Creatures (others)
  625 foxfires
625 creatures vanquished.

Grand Total: 902 creatures vanquished

Notes
Turn   | Place    | Note
-------+----------+-------------------------------------------
     0 | D:1      | Conn the Octopode Fire Elementalist began the quest for the
                  | Orb.
     0 | D:1      | Reached XP level 1. HP: 11/11 MP: 3/3
   221 | D:1      | Reached XP level 2. HP: 17/17 MP: 0/5
   510 | D:1      | Learned a level 2 spell: Scorch
  1068 | D:2      | Reached XP level 3. HP: 21/21 MP: 2/6
  1072 | D:2      | Learned a level 3 spell: Inner Flame
  1459 | D:2      | Identified the +0 robe of Kikubaaqudgha's Grace {*Corrode
                  | rN+ Str+3}
  2231 | D:3      | Identified the +6 falchion of Trial by Ordeal {flame, rN+}
  2494 | D:3      | Reached XP level 4. HP: 27/27 MP: 3/7
  2805 | D:4      | Noticed Robin
  2885 | D:4      | Killed Robin
  2967 | D:4      | Found a blossoming altar of Fedhas.
  3085 | D:4      | Found a broken altar of Ashenzari.
  3091 | D:4      | Saw a vision of the Swamp and the Snake Pit.
  3091 | D:4      | Noticed a bog body
  3091 | D:4      | Noticed a swamp drake
  3091 | D:4      | Noticed a ghost crab
  3091 | D:4      | Noticed a vampire mosquito
  3091 | D:4      | Noticed a black mamba
  3091 | D:4      | Noticed a naga mage
  3091 | D:4      | Noticed a naga warrior
  3091 | D:4      | Noticed an anaconda
  3091 | D:4      | Noticed a naga ritualist
  3091 | D:4      | Noticed a black mamba
  3091 | D:4      | Noticed an anaconda
  3091 | D:4      | Noticed a naga
  3092 | D:4      | Noticed a naga warrior
  3093 | D:4      | Noticed a spriggan druid
  3204 | D:4      | Noticed a scorpion
  3212 | D:4      | Killed a scorpion
  3213 | D:4      | Reached skill level 1 in Fighting
  3213 | D:4      | Reached XP level 5. HP: 7/33 MP: 1/9
  3504 | D:4      | Reached skill level 1 in Maces & Flails
  3641 | D:4      | Noticed Eustachio
  3668 | D:4      | Killed Eustachio
  3669 | D:4      | Reached skill level 1 in Hexes
  3669 | D:4      | Reached XP level 6. HP: 19/39 MP: 4/10
  4050 | D:4      | Noticed Natasha
  4058 | D:4      | Killed Natasha
  4403 | D:5      | Entered Level 5 of the Dungeon
  4802 | D:5      | Reached XP level 7. HP: 33/45 MP: 0/11
  5105 | D:5      | Gained mutation: You are clumsy. (Dex -2) [potion of
                  | mutation]
  5105 | D:5      | Gained mutation: You are robust. (+10% HP) [potion of
                  | mutation]
  5940 | D:6      | Learned a level 4 spell: Flame Wave
  5977 | D:6      | Reached XP level 8. HP: 31/57 MP: 0/13
  6541 | D:6      | Reached skill level 5 in Stealth
  6899 | D:6      | Found a bloodstained altar of Trog.
  6899 | D:6      | Found a hazy altar of Hepliaklqana.
  6900 | D:6      | Found an ancient bone altar of Kikubaaqudgha.
  6981 | D:6      | Found a basalt altar of Yredelemnul.
  7196 | D:7      | HP: 2/59 [phantom (6)]
  7415 | D:7      | Found a staircase to the Ecumenical Temple.
  7423 | Temple   | Entered the Ecumenical Temple
  7436 | Temple   | Became a worshipper of Sif Muna the Loreminder
  7502 | D:7      | Reached XP level 9. HP: 64/64 MP: 10/15
  7507 | D:7      | Learned a level 4 spell: Sticky Flame
  8272 | D:7      | Found an ornate altar of the Wu Jian Council.
  8449 | D:7      | Found a glowing golden altar of the Shining One.
  9218 | D:8      | Reached skill level 5 in Fighting
  9218 | D:8      | Reached skill level 5 in Fire Magic
  9520 | D:8      | Noticed a hornet
  9541 | D:8      | Killed a hornet
  9542 | D:8      | Reached skill level 5 in Maces & Flails
  9542 | D:8      | Reached skill level 5 in Spellcasting
  9542 | D:8      | Reached skill level 5 in Conjurations
  9674 | D:8      | Reached * piety under Sif Muna
  9827 | D:8      | Reached skill level 1 in Invocations
  9880 | D:8      | Reached XP level 10. HP: 26/72 MP: 1/18
 10261 | D:9      | Reached skill level 5 in Dodging
 10628 | D:9      | Found a shadowy altar of Dithmenos.
 10803 | D:9      | Noticed a two-headed ogre
 10810 | D:9      | Killed a two-headed ogre
 10880 | D:9      | Noticed a two-headed ogre
 10889 | D:9      | Killed a two-headed ogre
 11123 | D:9      | Reached ** piety under Sif Muna
 11822 | D:10     | Entered Level 10 of the Dungeon
 12039 | D:10     | Found a staircase to the Lair.
 12143 | D:10     | Found a staircase to the Orcish Mines.
 12328 | D:10     | Reached XP level 11. HP: 80/80 MP: 12/21
 12529 | D:10     | Reached skill level 5 in Invocations
 12819 | D:10     | Found a burning altar of Makhleb.
 12855 | D:10     | Reached *** piety under Sif Muna
 13452 | D:11     | Noticed Maurice
 13459 | D:11     | Killed Maurice
 13659 | D:11     | Noticed a boulder beetle
 13668 | D:11     | Killed a boulder beetle
 13880 | D:11     | Noticed a soul eater
 13938 | D:11     | Reached **** piety under Sif Muna
 14198 | D:11     | Noticed a cyclops
 14210 | D:11     | Killed a cyclops
 14485 | D:12     | Noticed an orc knight
 14497 | D:12     | Killed an orc knight
 14700 | D:12     | Noticed a death knight
 14710 | D:12     | Noticed a cyclops
 14738 | D:12     | Killed a cyclops
 15002 | D:12     | Reached XP level 12. HP: 89/89 MP: 13/23
 15124 | D:12     | Learned a level 2 spell: Blink
 15127 | D:12     | Learned a level 2 spell: Call Imp
 15399 | D:12     | Found a blossoming altar of Fedhas.
 15510 | D:12     | Noticed a two-headed ogre
 15512 | D:12     | Noticed an ogre mage
 15514 | D:12     | Noticed a two-headed ogre
 15740 | D:12     | HP: 2/133 [phantasmal warrior[a death knight] (13)]
 15741 | D:12     | Demolished by a phantasmal warrior

Illustrated notes

Levels and vault maps discovered:
D:1:      ldierk_walled_garden, layout_rooms, serial_park_tiny_2
D:2:      layout_basic, minmay_unequal
D:3:      layout_basic, serial_rivers, chequers_serial_rivers_small_3,
          chequers_serial_rivers_micro_e, chequers_serial_rivers_large_a,
          chequers_serial_rivers_micro_c
D:4:      layout_basic, mainiacjoe_overflow_small_starburst,
          grunt_ashenzari_visionary [grunt_ashenzari_visionary_swamp,
          grunt_ashenzari_visionary_snake], lemuel_flame_loot_1, uniq_eustachio,
          uniq_robin, uniq_natasha
D:5:      layout_loops_corners
D:6:      layout_gridville, general_overflow_altar,
          gammafunk_temple_overflow_forgotten
D:7:      layout_basic, marbit_many_paths, kennysheep_mini_moat,
          minmay_temple_entry_waves, minmay_misc_feat_encased
D:8:      layout_loops_corners, item_on_display_a
D:9:      layout_loops_corners, nicolae_overflow_crystal_walls
D:10:     layout_roguey [special_room_orc], mainiacjoe_overflow_brackets,
          lair_entry_dummy, minmay_orc_entry_temple_small
D:11:     layout_roguey, minmay_misc_feat_doors, nicolae_houndstooth_variations,
          uniq_maurice
D:12:     layout_small_grid, fedhas_altar_fruit_tree
Temple:   nicolae_temple_bog_church

Skill      XL: |  1  2  3  4  5  6  7  8  9 10 11 12 |
---------------+-------------------------------------+-----
Stealth        | 3 4 5 |  5.0
Conjurations   | 2 4 5 6 8 |  8.6
Fighting       | 1 2 3 4 5 6 7 |  7.3
Maces & Flails | 1 2 4 5 |  5.2
Hexes          | 1 2 3 |  3.0
Dodging        | 3 4 5 6 |  6.7
Spellcasting   | 3 4 5 6 7 8 |  8.1
Fire Magic     | 4 5 6 7 |  7.0
Invocations    | 2 4 6 7 |  7.2
Long Blades    | |  0.7

Action                     |  1- 3 |  4- 6 |  7- 9 | 10-12 || total
---------------------------+-------+-------+-------+-------++-------
  Melee: Unarmed           |     8 |       |       |       ||     8
         Constrict         |     9 |     8 |    13 |     3 ||    33
         Tentacles         |     5 |     7 |    18 |     6 ||    36
         Punch             |     1 |       |     2 |       ||     3
         Short sword       |     7 |       |       |       ||     7
         Whip              |    16 |       |       |       ||    16
         Falchion          |       |    15 |       |       ||    15
         Mace              |       |    30 |    62 |    22 ||   114
  Throw: Dart              |     2 |       |    10 |       ||    12
   Cast: Foxfire           |    77 |    30 |    92 |   158 ||   357
         Scorch            |       |    15 |    37 |    66 ||   118
         Inner Flame       |       |     2 |     5 |    31 ||    38
         Flame Wave        |       |       |     9 |    19 ||    28
         Sticky Flame      |       |       |     1 |     3 ||     4
 Invoke: Channel Magic     |       |       |       |     1 ||     1
  Evoke: Wand              |       |       |       |     2 ||     2
    Use: Potion            |       |     1 |     9 |     3 ||    13
         Scroll            |       |       |    16 |     6 ||    22
   Stab: Sleeping          |     2 |     3 |     6 |     1 ||    12
 Armour: Skin              |    16 |    51 |    95 |    91 ||   253
  Dodge: Dodged            |    29 |    39 |    69 |    81 ||   218
